 Dungeon Sprint DCSS version 0.27-a0-1256-gced786f65e (webtiles) character file.

Game seed: 6136058044383228733

2018 mhtbhm the Grappler (level 9, -5/86 HPs)
             Began as a Ghoul Monk on June 11, 2021.
             Was an Elder of Makhleb.
             Slain by a gargoyle
             ... wielding a +0 morningstar
              (21 damage)
             ... in the Dungeon (Sprint IX: "|||||||||||||||||||||||||||||").
             The game lasted 00:01:09 (751 turns).

mhtbhm the Grappler (Ghoul Monk)                     Turns: 751, Time: 00:01:09

Health: -5/86      AC:  7    Str: 18    XL:     9   Next: 23%
Magic:  8/8        EV: 17    Int:  5    God:    Makhleb [****..]
Gold:   0          SH:  0    Dex: 11    Spells: 8/8 levels left

rFire    . . .     SeeInvis .     - Unarmed
rCold    + . .     Faith    .   (no shield)
rNeg     + + +     Spirit   .   a - +0 troll leather armour
rPois    ∞         Reflect  .   i - +0 helmet
rElec    .         Harm     .   (no cloak)
rCorr    .         Rampage  .   (no gloves)
Will     .....     NoTele   +   (no boots)
Stlth    +++.......             (no amulet)
HPRegen  0.00/turn              k - +2 ring of protection
MPRegen  0.11/turn              j - +2 ring of evasion

@: no status effects
A: claws 1, cold resistance 1, negative energy resistance 3, inhibited
regeneration, torment resistance 2
a: Renounce Religion, Minor Destruction, Lesser Servant of Makhleb, Major
Destruction


You were in the Dungeon.
You worshipped Makhleb.
Makhleb was greatly pleased with you.
You visited 1 branch

Inventory:

Armour
 a - a +0 troll leather armour (worn)
 i - a +0 helmet (worn)
Jewellery
 j - a +2 ring of evasion (right claw)
 k - a +2 ring of protection (left claw)
Wands
 h - a wand of iceblast (9)
Scrolls
 f - 2 scrolls of blinking
 g - 2 scrolls of amnesia
Potions
 b - a potion of invisibility
 d - 4 potions of curing
 e - 4 potions of magic


   Skills:
 + Level 10.5 Fighting
 + Level 2.0 Armour
 + Level 10.2 Dodging
 + Level 7.3 Stealth
 + Level 14.3 Unarmed Combat


You had 8 spell levels left.
You didn't know any spells.
Your spell library was empty.

Dungeon Overview and Level Annotations

Branches:
Dungeon (1/1)

Altars:
Cheibriados
Dithmenos
Elyvilon
Fedhas
Gozag
Hepliaklqana
Kikubaaqudgha
Makhleb
Nemelex Xobeh
Okawaru
Qazlal
Ru
Sif Muna
Trog
Uskayaw
Vehumet
Wu Jian
Xom
Yredelemnul
Zin
The Shining One
Beogh
Jiyva
Lugonu


Innate Abilities, Weirdness & Mutations

You thrive by killing the living.
You are immune to poison.
You have sharp fingernails.
Your flesh is cold resistant. (rC+)
You are immune to negative energy. (rN+++)
You do not regenerate when monsters are visible.
You are immune to unholy pain and torment.


Message History

The stone arrow misses you.
Your Armour skill increases to level 2!
Unknown command.
The gargoyle hurls a stone arrow at you.
The stone arrow hits you!!
* * * LOW HITPOINT WARNING * * *
There is an open door, spattered with blood here.
You see here an ugly thing corpse.
You claw the gargoyle!
The gargoyle is moderately damaged.
You scratch the gargoyle.
The gargoyle is heavily damaged.
The gargoyle hurls a stone arrow at you.
The stone arrow hits you!
* * * LOW HITPOINT WARNING * * *
You scratch the gargoyle.
You claw the gargoyle, but do no damage.
The gargoyle is severely damaged.
The gargoyle completely misses you.
You scratch the gargoyle but do no damage.
The gargoyle is severely damaged.
The gargoyle misses you.
Unknown command.
You feel much better.
The gargoyle hurls a stone arrow at you.
The stone arrow misses you.
You scratch the gargoyle but do no damage.
The gargoyle is severely damaged.
The gargoyle misses you.
You barely miss the gargoyle.
The gargoyle is severely damaged.
You scratch the gargoyle but do no damage.
The gargoyle is severely damaged.
The gargoyle hits you with a +0 morningstar!
* * * LOW HITPOINT WARNING * * *
You claw the gargoyle!
You claw the gargoyle, but do no damage.
The gargoyle is almost destroyed.
The gargoyle hits you with a +0 morningstar!!
You die...

▓+▓
▓.▓
▓.▓
▓.▓
▓Q▓
▓S▓
▓9▓
▓@▓
▓.▓
▓.▓
▓.▓
▓.▓
▓.▓
▓[▓
▓'▓
▓.▓


You could see a tengu warrior, a guardian serpent shaped shifter and a gargoyle.

Vanquished Creatures
  A two-headed ogre (D)
  An ugly thing (D)
  An unseen horror (shapeshifter) (D)
  A troll (D)
  A shadow (D)
  A vampire mosquito (D)
  A centaur (D)
  An ogre (D)
  A scorpion (D)
  A killer bee (D)
  An orc (D)
  A bat zombie (D)
  A hobgoblin (D)
  A quokka (D)
  A ball python (D)
  2 ball python zombies (D)
  2 rats (D)
19 creatures vanquished.

Notes
Turn   | Place    | Note
-------+----------+-------------------------------------------
     0 | D        | mhtbhm the Ghoul Monk began the quest for the Orb.
     0 | D        | Reached XP level 1. HP: 19/19 MP: 0/0
   116 | D        | Noticed an ogre
   116 | D        | Noticed a scorpion
   135 | D        | Killed a scorpion
   136 | D        | Reached skill level 5 in Fighting
   136 | D        | Reached skill level 6 in Unarmed Combat
   136 | D        | Reached XP level 2. HP: 6/29 MP: 1/1
   136 | D        | Reached XP level 3. HP: 8/36 MP: 2/2
   136 | D        | Reached XP level 4. HP: 9/42 MP: 3/3
   143 | D        | Killed an ogre
   144 | D        | Reached skill level 5 in Dodging
   144 | D        | Reached skill level 7 in Unarmed Combat
   144 | D        | Reached XP level 5. HP: 21/51 MP: 4/4
   166 | D        | Found a snail-covered altar of Cheibriados.
   166 | D        | Found a shadowy altar of Dithmenos.
   166 | D        | Found a blossoming altar of Fedhas.
   166 | D        | Found an opulent altar of Gozag.
   167 | D        | Found a hazy altar of Hepliaklqana.
   168 | D        | Found a viscous altar of Jiyva.
   169 | D        | Found an ancient bone altar of Kikubaaqudgha.
   170 | D        | Found a corrupted altar of Lugonu.
   171 | D        | Found a burning altar of Makhleb.
   172 | D        | Found a sparkling altar of Nemelex Xobeh.
   173 | D        | Found an iron altar of Okawaru.
   174 | D        | Found a stormy altar of Qazlal.
   175 | D        | Found a sacrificial altar of Ru.
   176 | D        | Found a shimmering blue altar of Sif Muna.
   177 | D        | Found a bloodstained altar of Trog.
   178 | D        | Found a hide-covered altar of Uskayaw.
   179 | D        | Found a radiant altar of Vehumet.
   181 | D        | Became a worshipper of Makhleb the Destroyer
   181 | D        | Reached * piety under Makhleb
   181 | D        | Reached ** piety under Makhleb
   343 | D        | Found an ornate altar of the Wu Jian Council.
   344 | D        | Found a shimmering altar of Xom.
   345 | D        | Found a basalt altar of Yredelemnul.
   379 | D        | Noticed a shadow
   379 | D        | Noticed a troll
   379 | D        | Noticed a two-headed ogre
   379 | D        | Noticed a centaur
   384 | D        | Killed a centaur
   385 | D        | Reached skill level 8 in Unarmed Combat
   385 | D        | Reached XP level 6. HP: 50/60 MP: 5/5
   390 | D        | Killed a two-headed ogre
   391 | D        | Reached skill level 12 in Unarmed Combat
   391 | D        | Reached XP level 7. HP: 44/70 MP: 6/6
   391 | D        | Reached XP level 8. HP: 49/78 MP: 7/7
   401 | D        | Killed a troll
   401 | D        | Reached *** piety under Makhleb
   410 | D        | Killed a shadow
   716 | D        | Noticed a tengu warrior
   716 | D        | Noticed a polar bear
   716 | D        | Noticed a white ugly thing
   716 | D        | Noticed a gargoyle
   723 | D        | Killed an unseen horror
   724 | D        | Reached skill level 10 in Fighting
   724 | D        | Reached skill level 13 in Unarmed Combat
   736 | D        | Noticed a komodo dragon
   736 | D        | a polar bear changed into a komodo dragon
   740 | D        | Killed a white ugly thing
   741 | D        | Reached skill level 1 in Armour
   741 | D        | Reached skill level 10 in Dodging
   741 | D        | Reached skill level 14 in Unarmed Combat
   741 | D        | Reached XP level 9. HP: 37/86 MP: 8/8
   741 | D        | Reached **** piety under Makhleb
   741 | D        | Noticed a guardian serpent
   741 | D        | a komodo dragon changed into a guardian serpent
   751 | D        | Slain by a gargoyle

Illustrated notes

Levels and vault maps discovered:
D:        linesprint [early_d, line_temple, items_1, d_10, items_2, lair_1,
          lair_end, items_3, orc_1, orc_end, items_4, d_15, swamp_1, shoals_1,
          snake_1, spider_1, d_20, vaults_1, items_5, swamp_end, shoals_end,
          snake_end, spider_end, vaults_end, d_27, items_6, zot_1, zot_end,
          crypt_end, forest_end, elf_end, slime_end, tomb_end, abyss_end,
          pan_hell_end]

Skill      XL: |  1  2  3  4  5  6  7  8  9 |
---------------+----------------------------+-----
Dodging        | 4 5 6 9 10 | 10.2
Fighting       | 5 6 7 9 10 | 10.5
Stealth        | 3 4 6 7 |  7.3
Unarmed Combat | 6 7 8 12 14 | 14.3
Armour         | 1 2 |  2.0

Action                   |  1- 3 |  4- 6 |  7- 9 || total
-------------------------+-------+-------+-------++-------
Melee: Unarmed           |    23 |    19 |    52 ||    94
       Punch             |     2 |     2 |     2 ||     6
Evoke: Wand              |       |     1 |       ||     1
  Use: Potion            |     2 |     1 |     2 ||     5
 Stab: Sleeping          |       |     1 |       ||     1
Armor: Robe              |       |     1 |     2 ||     3
       Troll leather arm |       |       |     5 ||     5
Dodge: Dodged            |    11 |     7 |    33 ||    51

Table legend: (Time is in decaauts)
 A = Elapsed time spent in this place.
 B = Non-inter-level travel time spent in this place.
 C = Inter-level travel time spent in this place.
 D = Time resting spent in this place.
 E = Time spent auto-exploring this place.
 F = Levels seen in this place.
 G = Mean time per level.
                   A        B        C        D        E       F      G
               +--------+--------+--------+--------+--------+-----+--------+
         Total |    718 |    718 |      0 |    551 |      0 |   1 |  718.0 |
       Dungeon |    718 |    718 |      0 |    551 |      0 |   1 |  718.0 |
               +--------+--------+--------+--------+--------+-----+--------+

Top non-repeatable levels by time:
       D: 718 daAuts
